 Dungeon Crawl Stone Soup version 0.30.1-4-g462c640d31 (webtiles) character file.

Game seed: 12204649779096028558

2727 Anandil the Trooper (level 9, 0/74 HPs)
             Began as a Demonspawn Fighter on Aug 11, 2023.
             Was a Priest of Ru.
             Shot with an arrow by a centaur (6 damage)
             ... on level 8 of the Dungeon.
             The game lasted 00:09:22 (5575 turns).

Anandil the Trooper (Demonspawn Fighter)            Turns: 5575, Time: 00:09:23

Health: 0/74       AC: 18    Str: 18    XL:     9   Next: 40%
Magic:  0/0        EV: 10    Int: 12    God:    Ru [***...]
Gold:   389        SH:  6    Dex: 21    Spells: 8/8 levels left

rFire   . . .        n - +7 Throatcutter {drain, coup de grace}
rCold   . . .        c - +0 buckler
rNeg    + + .        y - +4 ring mail of Bequeathed Awe {Rampage rN++ MP-9 Int+2}
rPois   .            (no helmet)
rElec   .            (no cloak)
rCorr   .            F - +1 pair of gloves
SInv    .            b - +1 pair of boots
Will    .....        e - amulet of faith
Stlth   +            I - +6 ring of dexterity
HPRegen 0.32/turn    (no ring)
MPRegen 0.07/turn

%: rampage, faith
@: unable to drink
A: claws 1, icy blue scales 2, ignite blood 2, inability to drink after injury
2, hated by all
a: Renounce Religion, Draw Out Power


You were on level 8 of the Dungeon.
You worshipped Ru.
Ru was most pleased with you.
You visited 2 branches of the dungeon, and saw 9 of its levels.
You also visited: Sewer.

You collected 389 gold pieces.

Inventory:

Hand Weapons
 n - the +7 Throatcutter (weapon) {drain, coup de grace}
   (You took it off Terence on level 2 of the Dungeon)
Missiles
 h - 11 poisoned darts (quivered)
 A - 6 curare-tipped darts
Armour
 b - a +1 pair of boots (worn)
 c - a +0 buckler (worn)
 y - the +4 ring mail of Bequeathed Awe (worn) {Rampage rN++ MP-9 Int+2}
   (You found it on level 4 of the Dungeon)

   Int:       It affects your intelligence (+2).
   rN:        It greatly protects you from negative energy.
   MP:        It affects your magic capacity (-9).
   Rampage:   It bestows one free step when moving towards enemies.
 F - a +1 pair of gloves (worn)
Jewellery
 e - an amulet of faith (around neck)
 k - an amulet of reflection
 p - an amulet of magic regeneration
 I - a +6 ring of dexterity (left hand)
Wands
 u - a wand of flame (11)
 w - a wand of light (5)
Scrolls
 g - 5 scrolls of identify {unknown}
 i - 2 scrolls of silence {unknown}
 j - 10 scrolls of teleportation {unknown}
 l - a scroll of amnesia {unknown}
 m - 2 scrolls of fear {unknown}
 q - 2 scrolls of torment {unknown}
 s - a scroll of enchant armour {unknown}
 B - 2 scrolls of vulnerability {unknown}
 C - a scroll of immolation {unknown}
 D - a scroll of enchant weapon {unknown}
 G - a scroll of brand weapon {unknown}
 J - a scroll of fog {unknown}
 K - a scroll of poison {unknown}
Potions
 a - a potion of cancellation {unknown}
 d - 3 potions of brilliance {unknown}
 f - 4 potions of haste {unknown}
 o - 4 potions of mutation {unknown}
 r - 4 potions of curing {unknown}
 t - a potion of berserk rage
 v - 6 potions of heal wounds {unknown}
 x - a potion of resistance {unknown}
 z - a potion of attraction {unknown}
 E - a potion of degeneration {unknown}
 H - 3 potions of invisibility {unknown}


   Skills:
 + Level 7.8 Fighting
 + Level 5.6 Long Blades
 - Level 2.5 Polearms
 + Level 2.3 Throwing
 + Level 7.1 Armour
 - Level 4.0 Shields


You had 8 spell levels left.
You didn't know any spells.
Your spell library contained the following spells:

 Spells                   Type           Power      Damage    Failure   Level
 Slow                     Hex            0%         N/A       56%         1
 Confusing Touch          Hex            0%         N/A       90%         3
 Hailstorm                Conj/Ice       0%         3d3       90%         3
 Vampiric Draining        Necr           0%         2d6       90%         3
 Vhi's Electric Charge    Tloc/Air       0%         N/A       90%         3
 Ice Form                 Ice/Tmut       0%         N/A       100%        4
 Arcjolt                  Conj/Air       0%         1d10      100%        5
 Plasma Beam              Fire/Air       0%         2x1d11    100%        6
 Simulacrum               Ice/Necr       Unusable   N/A       N/A         6

Dungeon Overview and Level Annotations

Branches:
Dungeon (8/15)             Temple (1/1) D:4           Sewer (visited)
   Lair: D:8-11

Altars:
Ashenzari
Cheibriados
Dithmenos
Gozag
Kikubaaqudgha
Makhleb
Okawaru
Qazlal
Ru
Sif Muna
Trog
Vehumet
Wu Jian
Xom

Annotations:
D:5 1 runed translucent door, Crazy Yiuf
D:7 2 runed translucent doors, turdburglar's ghost, novice TrFi


Innate Abilities, Weirdness & Mutations

You have sharp fingernails.
You are mostly covered in icy blue scales. (AC +3)
Your demonic aura often causes spilled blood to erupt in flames.
You sometimes lose the ability to drink potions when taking damage.
You are hated by all.


Message History

The two-headed ogre shouts in stereo!
You see here a scroll labelled MIUTIPUSUODD.
You rampage towards the two-headed ogre!
The centaur shouts!
You hit the two-headed ogre.
The two-headed ogre is lightly wounded.
The two-headed ogre closely misses you. You block the two-headed ogre's attack.
You hit the two-headed ogre.
The two-headed ogre is lightly wounded.
You block the centaur's attack. The centaur closely misses you.
The two-headed ogre hits you with a +0 giant club.
The two-headed ogre hits you but does no damage.
The centaur barely misses you.
The centaur kicks you but does no damage.
You completely miss the two-headed ogre.
The two-headed ogre is lightly wounded.
The centaur is stunned by your conviction and fails to attack.
The two-headed ogre hits you with a +0 giant club!!
The two-headed ogre hits you with a +0 giant club.
Unknown command.
You closely miss the two-headed ogre.
The two-headed ogre is lightly wounded.
The centaur hits you but does no damage.
The centaur kicks you but does no damage.
The centaur hits you but does no damage.
The centaur kicks you but does no damage.
The two-headed ogre hits you with a +0 giant club!!
You feel threatened and lose the ability to drink potions!
* * * LOW HITPOINT WARNING * * *
The two-headed ogre hits you with a +0 giant club!
* * * LOW HITPOINT WARNING * * *
You are too injured to fight recklessly!
Unknown command.
You are too injured to fight recklessly!
Unknown command.
Unknown command.
The centaur is engulfed in blazing flames.
The centaur wields a +0 shortbow.
The centaur shoots an arrow.
The arrow hits you.
You die...

## ... ######.#
##......# ##...§...#
#.○Oc....#
#.○○.########
..#.8@###.....##
#.#..?.#...♣...##
..#.._..._..._..#
#.##...♣.).#....#
#(###.....###.8.#
####.##########....#
#..)......#....._..#
#...)<........⌠...##
#..)......#......##


You could see a two-headed ogre and a centaur.

Vanquished Creatures
  Pikel (D:5)
  Sigmund (D:5)
  A wyvern (D:7)
  A steam dragon (D:7)
  Edmund (D:5)
  A water moccasin (D:7)
  Pargi (Sewer)
  An ice beast (D:6)
  A black bear (D:5)
  A phantom (D:6)
  A centaur (D:5)
  A kobold brigand (D:7)
  A bullfrog (D:5)
  2 gnoll sergeants
  3 scorpions
  4 wights (D:8)
  A howler monkey (D:6)
  3 orc priests
  Jessica (D:3)
  2 iguanas
  Natasha (D:2)
  2 orc wizards (D:4)
  Terence (D:2)
  9 gnolls
  7 adders
  A shadow imp (D:6)
  A white imp (D:6)
  An ufetubus (D:7)
  A worm (D:2)
  3 dart slugs
  14 orcs
  4 ball pythons
  7 endoplasms
  10 giant cockroaches
  6 goblins
  5 hobgoblins
  5 jackals (D:1)
  7 kobolds
  6 quokkas
  11 bats
  4 frilled lizards
  8 rats
143 creatures vanquished.

Notes
Turn   | Place    | Note
-------+----------+-------------------------------------------
     0 | D:1      | Anandil the Demonspawn Fighter began the quest for the Orb.
     0 | D:1      | Reached XP level 1. HP: 18/18 MP: 1/1
    53 | D:1      | Gained mutation: You have sharp fingernails. [demonic
                  | ancestry]
    53 | D:1      | Reached XP level 2. HP: 22/24 MP: 2/2
   344 | D:1      | Found a faded altar of an unknown god.
   509 | D:1      | Gained mutation: You are partially covered in icy blue
                  | scales. (AC +2) [demonic ancestry]
   509 | D:1      | Reached XP level 3. HP: 29/29 MP: 3/3
   942 | D:2      | Noticed Terence
   952 | D:2      | Killed Terence
   953 | D:2      | Gained mutation: Your demonic aura sometimes causes spilled
                  | blood to erupt in flames. [demonic ancestry]
   953 | D:2      | Reached XP level 4. HP: 17/36 MP: 4/4
  1272 | D:2      | Noticed Natasha
  1278 | D:2      | Killed Natasha
  1566 | D:3      | Reached XP level 5. HP: 42/42 MP: 5/5
  1591 | D:3      | Found a glowing drain.
  1615 | Sewer    | Entered a sewer
  1642 | Sewer    | Noticed Pargi
  1649 | Sewer    | Killed Pargi
  1807 | D:3      | Noticed Jessica
  1815 | D:3      | Killed Jessica
  1816 | D:3      | Reached XP level 6. HP: 42/49 MP: 6/6
  2444 | D:4      | Found a staircase to the Ecumenical Temple.
  2453 | Temple   | Entered the Ecumenical Temple
  2467 | Temple   | Became a worshipper of Ru the Awakened
  2656 | D:4      | Identified the +4 ring mail of Bequeathed Awe {Rampage rN++
                  | MP-9 Int+2}
  2798 | D:4      | Reached skill level 1 in Long Blades
  3127 | D:4      | Reached skill level 5 in Fighting
  3176 | D:4      | Gained mutation: You are mostly covered in icy blue scales.
                  | (AC +3) [demonic ancestry]
  3176 | D:4      | Reached XP level 7. HP: 31/56 MP: 0/7
  3448 | D:5      | Entered Level 5 of the Dungeon
  3448 | D:5      | Noticed Sigmund
  3469 | D:5      | Killed Sigmund
  3479 | D:5      | Reached skill level 5 in Armour
  3517 | D:5      | Noticed Edmund
  3526 | D:5      | Killed Edmund
  3664 | D:5      | Noticed Pikel
  3680 | D:5      | Killed Pikel
  3681 | D:5      | Gained mutation: Your demonic aura often causes spilled
                  | blood to erupt in flames. [demonic ancestry]
  3681 | D:5      | Reached XP level 8. HP: 61/65 MP: 0/8
  3918 | D:5      | Gained mutation: You are hated by all. [Ru sacrifice]
  3918 | D:5      | Reached * piety under Ru
  4108 | D:5      | Found a runed translucent door.
  4109 | D:5      | Noticed Crazy Yiuf
  4955 | D:7      | Reached skill level 5 in Long Blades
  5019 | D:7      | Reached skill level 1 in Throwing
  5019 | D:7      | Reached XP level 9. HP: 62/72 MP: 0/9
  5332 | D:7      | Gained mutation: You occasionally lose the ability to drink
                  | potions when taking damage. [Ru sacrifice]
  5332 | D:7      | Gained mutation: You sometimes lose the ability to drink
                  | potions when taking damage. [Ru sacrifice]
  5332 | D:7      | Reached ** piety under Ru
  5332 | D:7      | Reached *** piety under Ru
  5348 | D:7      | Found a large runed translucent door.
  5348 | D:7      | Found a large runed translucent door.
  5350 | D:7      | Noticed turdburglar's ghost (novice TrFi)
  5502 | D:8      | Found a radiant altar of Vehumet.
  5553 | D:8      | Found a shimmering blue altar of Sif Muna.
  5557 | D:8      | Found a shimmering altar of Xom.
  5558 | D:8      | Found a broken altar of Ashenzari.
  5568 | D:8      | Found a snail-covered altar of Cheibriados.
  5569 | D:8      | Noticed a two-headed ogre
  5575 | D:8      | Shot with an arrow by a centaur

Illustrated notes

Levels and vault maps discovered:
D:1:      amcnicky_arrival_flooded_fountain, layout_loops_ring,
          hellmonk_ecumenical_altar_lost_god
D:2:      layout_loops_ring, uniq_natasha, uniq_terence
D:3:      layout_basic, gup_sewer_entry_pipe, uniq_jessica
D:4:      layout_loops_ring, minmay_temple_entry_junction_2,
          grunt_decor_mini_mirrors
D:5:      black_bear_nest_1, layout_loops_corners, uniq_pikel,
          uniq_crazy_yiuf_cottage, uniq_sigmund, uniq_edmund
D:6:      layout_cave_pools
D:7:      layout_rooms, ebering_ghost_disaster_area, dk_rats_in_the_wall
D:8:      layout_loops_ring, nicolae_overflow_hallway_of_the_gods,
          old_standard_altar, uniq_maggie, uniq_psyche, uniq_maurice
Temple:   eino_narrow_crystal_temple

Skill      XL: |  1  2  3  4  5  6  7  8  9 |
---------------+----------------------------+-----
Polearms       | 2 |  2.5
Armour         | 3 4 6 7 |  7.1
Shields        | 3 4 |  4.0
Fighting       | 4 5 6 7 |  7.8
Long Blades    | 1 4 5 |  5.6
Throwing       | 1 2 |  2.3

Action                     |  1- 3 |  4- 6 |  7- 9 || total
---------------------------+-------+-------+-------++-------
  Melee: Trident           |   123 |       |       ||   123
         Spear             |     6 |       |       ||     6
         Long sword        |       |   122 |   128 ||   250
 Invoke: Sacrifice Love    |       |       |     1 ||     1
         Sacrifice Drink   |       |       |     1 ||     1
    Use: Potion            |     1 |       |       ||     1
 Armour: Scale mail        |    62 |    63 |       ||   125
         Ring mail         |       |     3 |    73 ||    76
  Dodge: Dodged            |    51 |    69 |    46 ||   166
  Block: Buckler           |    25 |    42 |    37 ||   104
